 Dungeon Sprint DCSS version 0.25-a0-94-g9e23508adf (webtiles) character file.

Game seed: 83899725480049842, levelgen mode: deterministic

6311 MordorOrchid the Arsonist (level 10, -3/115 HPs)
             Began as a Vampire Fire Elementalist on Nov 11, 2019.
             Was an Initiate of Gozag.
             Slain by a cherub
             ... wielding a +4 long sword of flaming
              (20 damage)
             ... in the Dungeon (Sprint V: "Ziggurat Sprint").
             The game lasted 00:16:29 (440 turns).

MordorOrchid the Arsonist (VpFE)                     Turns: 440, Time: 00:16:29

Health: -3/115     AC:  5    Str: 12    XL:     10   Next: 64%
Magic:  22/22      EV: 20    Int: 38    God:    Gozag
Gold:   2262       SH: 30    Dex: 20    Spells: 6/26 levels left

rFire    + . .     SeeInvis +   y - +14 obsidian axe {chop, +Fly SInv *Curse} (curse)
rCold    + + .     Gourm    .   z - +18 shield of the Gong {rElec rN+ MR+ EV-5}
rNeg     + . .     Faith    .   a - +0 robe
rPois    +         Spirit   .   (no helmet)
rElec    +         Reflect  .   (no cloak)
rCorr    +         Harm     .   (no gloves)
MR       ++...     NoTele   +   M - +2 pair of boots {Stlth+}
Stlth    ..........             N - amulet "Noytaudd" {rC+ Regen+}
HPRegen  0.89/turn              v - +6 ring of intelligence
MPRegen  0.18/turn              u - +6 ring of intelligence

@: mighty, brilliant, agile, berserking, resistant, mesmerised, very slightly
contaminated, regenerating quickly, hasted, glowing, invisible (but backlit and
visible), very quick
A: no food, fangs 3, see invisible, unbreathing
a: Exsanguinate, Potion Petition, Call Merchant, Bribe Branch, Renounce
Religion, Evoke Flight


You were in the Dungeon.
You worshipped Gozag.
Gozag was most pleased with you.
You were alive.

You visited 1 branch You collected 3951 gold pieces.
You paid 1689 gold pieces to Gozag.

Inventory:

Hand Weapons
 t - the +6 Majin-Bo {vamp, Archmagi MP+6 Int+6}
   (You found it in the Dungeon)

   It inflicts no extra harm, but heals its wielder when it wounds a living foe.
   It affects your intelligence (+6).
   It affects your magic capacity (+6).
 y - the cursed +14 obsidian axe (weapon) {chop, +Fly SInv *Curse}
   (You found it in the Dungeon)

   It inflicts extra damage upon your enemies.
   It lets you see invisible.
   It lets you fly.
   It curses itself when equipped.
   It has a curse placed upon it.
 J - a +6 scimitar of flaming
Missiles
 F - 1000 arrows
 G - 7 boomerangs (quivered)
Armour
 a - a +0 robe (worn)
 z - the +18 shield of the Gong (worn) {rElec rN+ MR+ EV-5}
   (You found it in the Dungeon)

   It affects your evasion (-5).
   It insulates you from electricity.
   It protects you from negative energy.
   It affects your resistance to hostile enchantments.
 M - a +2 pair of boots of stealth (worn)
Magical Staves
 q - an uncursed staff of energy
 P - an uncursed staff of power
Jewellery
 r - an uncursed ring of flight
 u - a +6 ring of intelligence (right hand)
 v - a +6 ring of intelligence (left hand)
 w - a +6 ring of strength
 x - a +6 ring of strength
 K - the ring "Gystamoigg" {*Slow rN+++ MP+9 Int-4 Slay+5}
   (You found it in the Dungeon)

   [ring of magical power]

   It affects your intelligence (-4).
   It affects your accuracy and damage with ranged weapons and melee attacks
   (+5).
   It renders you almost immune to negative energy.
   It affects your magic capacity (+9).
   It may slow you when you take damage.
 L - the ring of the Fifty Lies {+Inv rN+ Stlth-}
   (You found it in the Dungeon)

   [ring of attention]

   It protects you from negative energy.
   It lets you turn invisible.
   It makes you less stealthy.
 N - the amulet "Noytaudd" (around neck) {rC+ Regen+}
   (You found it in the Dungeon)

   [amulet of regeneration]

   It protects you from cold.
   It increases your rate of regeneration.
Wands
 n - a wand of disintegration (7)
 o - a wand of iceblast (7)
 p - a wand of acid (7)
Scrolls
 h - 4 scrolls of blinking
 A - 4 scrolls of amnesia
 B - 7 scrolls of fog
 C - 5 scrolls of identify
 D - 5 scrolls of remove curse
 E - 2 scrolls of fear
 H - 4 scrolls of enchant weapon
Potions
 b - 2 potions of brilliance
 c - 10 potions of curing
 d - 10 potions of heal wounds
 e - 3 potions of haste
 f - 7 potions of magic
 g - 3 potions of berserk rage
 j - 4 potions of resistance
 l - a potion of agility
 m - a potion of might
Miscellaneous
 i - a phantom mirror
 k - a phial of floods
 s - a lightning rod (4/4)
 I - 3 sacks of spiders
 O - a box of beasts


   Skills:
 * Level 6.7 Fighting
 * Level 11.1 Dodging
 - Level 3.0 Stealth
 * Level 10.3 Shields
 * Level 8.9 Spellcasting
 * Level 7.1 Conjurations
 * Level 2.6 Necromancy
 + Level 11.2 Fire Magic
 * Level 6.4 Evocations


You had 6 spell levels left.
You knew the following spells:

 Your Spells              Type           Power        Failure   Level  Hunger
a - Flame Tongue          Conj/Fire      #####        1%          1    N/A
e - Sticky Flame          Conj/Fire      #######.     1%          4    N/A
f - Fireball              Conj/Fire      #######...   1%          5    N/A
g - Mephitic Cloud        Conj/Pois/Air  ######..     1%          3    N/A
k - Regeneration          Chrm/Necr      #####.....   1%          3    N/A
x - Blink                 Tloc           N/A          1%          2    N/A
y - Shroud of Golubria    Chrm/Tloc      #####.       1%          2    N/A

Your spell library contained the following spells:

 Spells                   Type           Power        Failure   Level  Hunger
 Apportation              Tloc           #####.       1%          1    N/A
 Beastly Appendage        Tmut           #####.       1%          1    N/A
 Corona                   Hex            #####..      1%          1    N/A
 Infusion                 Chrm           ####         1%          1    N/A
 Sting                    Conj/Pois      ####         1%          1    N/A
 Summon Butterflies       Summ           #####...     1%          1    N/A
 Ensorcelled Hibernation  Hex/Ice        #####.       1%          2    N/A
 Poisonous Vapours        Pois/Air       #####.       1%          2    N/A
 Song of Slaying          Chrm           #####...     1%          2    N/A
 Sticks to Snakes         Tmut           #####...     1%          2    N/A
 Throw Flame              Conj/Fire      ######       1%          2    N/A
 Confuse                  Hex            #####...     1%          3    N/A
 Conjure Flame            Conj/Fire      #######.     1%          3    N/A
 Dazzling Spray           Conj/Hex       ######       1%          3    N/A
 Gell's Gravitas          Tloc           #####.....   1%          3    N/A
 Inner Flame              Hex/Fire       ######..     1%          3    N/A
 Lesser Beckoning         Tloc           #####.....   1%          3    N/A
 Spectral Weapon          Hex/Chrm       #####...     1%          3    N/A
 Spider Form              Tmut/Pois      #####.....   1%          3    N/A
 Teleport Other           Tloc           #####...     1%          3    N/A
 Tukima's Dance           Hex            #####...     1%          3    N/A
 Venom Bolt               Conj/Pois      ######....   3%          5    N/A
 Ice Form                 Ice/Tmut       #####...     4%          4    N/A
 Olgreb's Toxic Radiance  Pois           #####...     4%          4    N/A
 Passage of Golubria      Tloc           N/A          4%          4    N/A
 Alistair's Intoxication  Tmut/Pois      #####...     13%         5    N/A
 Blade Hands              Tmut           #####.....   13%         5    N/A
 Invisibility             Hex            #####...     47%         6    N/A

Dungeon Overview and Level Annotations

Branches:
Dungeon (1/1)

Altars:
Ashenzari
Cheibriados
Dithmenos
Elyvilon
Fedhas
Gozag
Hepliaklqana
Kikubaaqudgha
Makhleb
Nemelex Xobeh
Okawaru
Qazlal
Ru
Sif Muna
Trog
Uskayaw
Vehumet
Wu Jian
Xom
Yredelemnul
Zin
The Shining One
Beogh
Jiyva
Lugonu


Innate Abilities, Weirdness & Mutations

You do not eat.
Your natural rate of healing is unusually fast.
You have razor-sharp teeth.
You have supernaturally acute eyesight. (SInv)
You can survive without breathing.


Message History

The living lightning hits the ophan!
Your mature batshock beast blinks!
The pearl dragon breathes cleansing flame at you.
The blast of cleansing flame misses you.
The ophan calls forth blessed flames!
Your hellwing hits the ophan but does no damage.
Your hellwing hits the ophan. You barely miss the ophan. You bite the ophan!
The ophan is severely wounded.
You barely miss the ophan. You hit the pearl dragon.
You barely miss the cherub.
You are engulfed in blessed fire.
* * * LOW HITPOINT WARNING * * *
You block the pearl dragon's attack.
GONNNNG!
You block the pearl dragon's attack.
PANG!
The ophan calls forth blessed flames!
The cherub hits you with a +4 long sword of flaming!!
You die...
Your body crumbles into a pile of gold.

▓...8©8...▓
▓..[=}))..▓.."...}..▓
▓..|[|):..▓..))))=..▓
▓.........▓..)...)..▓
▓.........▓.........▓
▓...§§§...▓.........▓
▓..§§§....▓.........▓
▓..§DAG4..▓.▓.....▓.▓
▓.▓§§@G§▓.▓....©....▓
▓..§§§§§..▓▓▓▓▓▓▓▓▓▓▓
▓▓▓▓▓▓▓▓▓▓▓


You could see a pearl dragon, 2 ophanim, a cherub and a friendly hellwing.

Vanquished Creatures
  A shadow wraith (D)
  A sixfirhy (D)
  2 deep elf magi (D)
  2 spiny frogs (D)
  A smoke demon (D)
  2 rime drakes (D)
  A komodo dragon (D)
  A ynoxinul (D)
  2 wyverns (D)
  An acid dragon (D)
  2 porcupines (D)
  An orc warrior (D)
  A swamp drake (D)
  A bullfrog (D)
  3 jellies (D)
  6 orc priests (D)
  An orc wizard (D)
  A shadow imp (D)
  5 oozes (D)
  2 orcs (D)
37 creatures vanquished.

Vanquished Creatures (collateral kills)
  A shining eye (D)
  A rime drake (D)
  2 small abominations (D)
  A golden eye (D)
  A swamp drake (D)
  An eye of draining (D)
  2 orc priests (D)
  2 orc wizards (D)
  A jelly (D)
  An ooze (D)
  3 orcs (D)
16 creatures vanquished.

Vanquished Creatures (others)
  A dancing weapon (D)
  Prince Ribbit (D)
2 creatures vanquished.

Grand Total: 55 creatures vanquished

Notes
Turn   | Place    | Note
-------+----------+-------------------------------------------
     0 | D        | MordorOrchid the Vampire Fire Elementalist began the quest
                  | for the Orb.
     0 | D        | Reached XP level 1. HP: 13/13 MP: 3/3
     0 | D        | Found a shimmering blue altar of Sif Muna.
     0 | D        | Found a sacrificial altar of Ru.
     0 | D        | Found a bloodstained altar of Trog.
     0 | D        | Found a stormy altar of Qazlal.
     0 | D        | Found an iron altar of Okawaru.
     0 | D        | Found a sparkling altar of Nemelex Xobeh.
     0 | D        | Found a blossoming altar of Fedhas.
     1 | D        | Found the +6 Majin-Bo {vamp, Archmagi MP+6 Int+6}
     1 | D        | Found the +7 great mace "Firestarter" {inner flame, rF++}
     6 | D        | Found a corrupted altar of Lugonu.
     6 | D        | Found an ancient bone altar of Kikubaaqudgha.
     6 | D        | Found a burning altar of Makhleb.
     6 | D        | Found a transporter.
     6 | D        | Found a viscous altar of Jiyva.
     6 | D        | Found a hazy altar of Hepliaklqana.
    20 | D        | Found the +9 heavy crossbow "Sniper" {velocity, Acc+∞ SInv}
    20 | D        | Found the +10 dark maul {crush}
    20 | D        | Found the +15 Maxwell's patent armour {-Cast -Tele rElec
                  | MR+ rCorr}
    20 | D        | Found the +18 shield of the Gong {rElec rN+ MR+ EV-5}
    20 | D        | Found the cursed +14 obsidian axe {chop, +Fly SInv *Curse}
    28 | D        | Found the +6 shillelagh "Devastator" {shatter}
    28 | D        | Found the +11 plutonium sword {*Contam Stlth-}
    28 | D        | Found the +8 lance "Wyrmbane" {slay drac, rPois rF+ rC+
                  | AC+3}
    28 | D        | Found the +9 sword of Zonguldrok {reap}
    28 | D        | Found the cursed +13 scythe of Curses {drain, *Curse}
    28 | D        | Found the +0 sword of Power
    28 | D        | Found the +7 mace of Variability {chain chaos}
    28 | D        | Found the +7 Singing Sword {slice, sonic wave}
    28 | D        | Found the +8 storm bow {elec, penet}
    30 | D        | Found an opulent altar of Gozag.
    45 | D        | Became a worshipper of Gozag Ym Sagoz the Greedy
    52 | D        | Reached XP level 2. HP: 26/26 MP: 5/5
    57 | D        | Entered arena 2.
    57 | D        | Found a transporter.
    70 | D        | Entered arena 3.
    70 | D        | Noticed a +4 short sword of draining
    70 | D        | Noticed a deep elf mage
    70 | D        | Noticed a deep elf mage
    70 | D        | Found a transporter.
    76 | D        | Killed a deep elf mage
    76 | D        | Reached skill level 5 in Dodging
    76 | D        | Reached skill level 5 in Fire Magic
    76 | D        | Reached XP level 3. HP: 29/34 MP: 6/8
    76 | D        | Reached XP level 4. HP: 34/40 MP: 6/9
    76 | D        | Reached XP level 5. HP: 39/46 MP: 6/10
    76 | D        | Reached XP level 6. HP: 44/52 MP: 6/11
    76 | D        | Killed a deep elf mage
    76 | D        | Reached XP level 7. HP: 49/58 MP: 6/14
    82 | D        | Killed a +4 short sword of draining
    82 | D        | Reached skill level 5 in Spellcasting
    82 | D        | Reached skill level 5 in Evocations
    82 | D        | Reached XP level 8. HP: 57/64 MP: 6/16
    92 | D        | Entered arena 4.
    92 | D        | Found a transporter.
   125 | D        | Learned a level 4 spell: Sticky Flame
   131 | D        | Learned a level 5 spell: Fireball
   136 | D        | Entered arena 5.
   136 | D        | Found a transporter.
   150 | D        | Got the ring "Gystamoigg" {*Slow rN+++ MP+9 Int-4 Slay+5}
   152 | D        | Entered arena 6.
   152 | D        | Found a transporter.
   157 | D        | Reached skill level 5 in Conjurations
   168 | D        | Entered arena 7.
   168 | D        | Noticed a spiny frog
   168 | D        | Noticed a komodo dragon
   168 | D        | Noticed a spiny frog
   169 | D        | Found a transporter.
   173 | D        | Killed a spiny frog
   173 | D        | Reached XP level 9. HP: 69/69 MP: 12/18
   176 | D        | Killed a spiny frog
   177 | D        | Killed a komodo dragon
   186 | D        | Got the ring of the Fifty Lies {+Inv rN+ Stlth-}
   219 | D        | Entered arena 8.
   219 | D        | Noticed a shining eye
   221 | D        | Found a transporter.
   227 | D        | Killed a shining eye
   227 | D        | Reached skill level 10 in Fire Magic
   245 | D        | Got the amulet "Noytaudd" {rC+ Regen+}
   254 | D        | Entered arena 9.
   254 | D        | Noticed a shadow wraith
   254 | D        | Noticed a sixfirhy
   254 | D        | Noticed a smoke demon
   255 | D        | Found a transporter.
   260 | D        | Killed a sixfirhy
   262 | D        | Reached skill level 10 in Dodging
   262 | D        | Killed a smoke demon
   262 | D        | Reached XP level 10. HP: 76/76 MP: 18/22
   264 | D        | Killed a shadow wraith
   291 | D        | Learned a level 3 spell: Regeneration
   299 | D        | Learned a level 3 spell: Mephitic Cloud
   301 | D        | Entered arena 10.
   302 | D        | Found the +3 sling "Punk" {acid, rCorr}
   303 | D        | Reached skill level 10 in Shields
   303 | D        | Reached skill level 1 in Necromancy
   307 | D        | Found a transporter.
   340 | D        | Learned a level 2 spell: Shroud of Golubria
   371 | D        | Killed Prince Ribbit
   383 | D        | Entered arena 11.
   384 | D        | Found a transporter.
   420 | D        | Learned a level 2 spell: Blink
   423 | D        | Entered arena 12.
   423 | D        | Noticed a cherub
   423 | D        | Noticed a pearl dragon
   424 | D        | Noticed an ophan
   424 | D        | Noticed an ophan
   440 | D        | Slain by a cherub

Levels and vault maps discovered:
D:        sprint_v [room_start, room_1, room_2, room_3, room_4, room_5, room_6,
          room_7, room_8, room_9, room_10, room_11, room_12, room_13, room_14,
          room_15, room_16, room_17, room_18, room_19, room_20, room_21,
          room_22, room_23, room_24, room_25, room_26, room_27]

Skill      XL: |  1  2  3  4  5  6  7  8  9 10 |
---------------+-------------------------------+-----
Fighting       | 4 6 |  6.7
Shields        | 4 6 7 8 9 10 | 10.3
Dodging        | 5 6 7 8 10 11 | 11.1
Spellcasting   | 3 4 5 6 8 |  8.9
Conjurations   | 3 4 5 6 7 |  7.1
Fire Magic     | 5 7 8 9 10 11 | 11.2
Evocations     | 3 4 5 6 |  6.4
Necromancy     | 2 |  2.6
Stealth        | |  3.0

Action                   |  1- 3 |  4- 6 |  7- 9 | 10-12 || total
-------------------------+-------+-------+-------+-------++-------
Melee: Broad axe         |     4 |       |    27 |    13 ||    44
       Bite              |       |       |     2 |     1 ||     3
Throw: Boomerang         |       |       |       |     1 ||     1
 Cast: Fireball          |       |       |       |     7 ||     7
       Regeneration      |       |       |       |     1 ||     1
Invok: Potion Petition   |       |       |       |     4 ||     4
 Abil: Evoke Invisibilit |       |       |     1 |       ||     1
       Evoke Flight      |       |       |     1 |       ||     1
Evoke: Phial of floods   |       |       |     1 |       ||     1
       Box of beasts     |       |       |       |     1 ||     1
  Use: Potion            |     5 |       |     7 |     2 ||    14
       Scroll            |       |       |       |     1 ||     1
 Stab: Sleeping          |     2 |       |     5 |     3 ||    10
       Invisible         |       |     1 |     3 |       ||     4
       Distracted        |       |       |     2 |       ||     2
Armor: Robe              |       |       |     2 |       ||     2
Dodge: Dodged            |     1 |       |    14 |     5 ||    20
Block: Shield            |     3 |       |    25 |    11 ||    39

Table legend:
 A = Non-vault XP
 B = Vault XP
 C = Vault XP percentage of total XP
 D = Non-vault monster count
 E = Vault monster count
 F = Vault count percentage of total count
                 A         B        C        D         E       F
            +---------+---------+-------+---------+---------+-------
      Total |       0 |    9005 | 100.0 |       0 |      54 | 100.0
            +---------+---------+-------+---------+---------+-------
          D |       0 |    9005 | 100.0 |       0 |      54 | 100.0
            +---------+---------+-------+---------+---------+-------
